[Event "fics rated crazyhouse match"]
[Site "fics, Oklahoma City, OK USA"]
[Date "2001.02.23"]
[White "fermy"]
[WhiteElo "2366"]
[Black "spurs"]
[BlackElo "2256"]
[TimeControl "60+0"]
[Result "0-1"]

1. d4 e6 2. Nf3 d5 3. Bf4 Nf6 4. e3 Bb4+ 5. c3 Bd6 6. Be2 
Bxf4 7. exf4 Ne4 8. O-O Nc6 9. Ne5 Nxe5 10. dxe5 B@b6 11. B@d4 Bxd4 
12. cxd4 B@f5 13. Nd2 Nxd2 14. Qxd2 N@e4 15. Qd1 Qh4 16. N@f3 Qxf4 17. Rc1 
Qg4 18. B@h3 Qxh3 19. gxh3 Bxh3 20. Rxc7 O-O 21. P@f6 B@h6 22. fxg7 Bxg7 
23. P@f6 Bxf1 24. Qxf1 R@g6+ 25. N@g3 N@f5 26. fxg7 Rxg7 27. B@f6 Nexg3 28. fxg3 
Nxg3 29. Bxg7 Nxe2+ 30. Qxe2 N@h3+ 31. Kf1 P@g2+ 32. Qxg2 B@d3+ 33. P@e2 Bxe2+ 
34. Kxe2 P@d3# 
{fermy forfeits on time} 0-1

[Event "fics rated crazyhouse match"]
[Site "fics, Oklahoma City, OK USA"]
[Date "2001.02.23"]
[White "spurs"]
[WhiteElo "2266"]
[Black "tantheman"]
[BlackElo "2345"]
[TimeControl "60+0"]
[Result "1-0"]

1. d4 b6 2. Nf3 Bb7 3. Nc3 Nf6 4. Bg5 e6 5. e3 Bb4 6. Bd3 
h6 7. Bxf6 Qxf6 8. e4 B@c6 9. e5 Bxf3 10. exf6 Bxd1 11. fxg7 Bxc3+ 
12. bxc3 N@f3+ 13. gxf3 N@g2+ 14. Kd2 Q@g5+ 15. B@e3 Qxg7 16. N@h5 Qf8 17. P@g7 
Nxe3 18. gxf8=Q+ Rxf8 19. fxe3 B@a3 20. N@f6+ Kd8 21. Q@g7 c6 22. Qxf8+ Bxf8 
23. R@e8+ Kc7 24. Q@d8+ Kd6 25. N@e4# 
{tantheman checkmated} 1-0

[Event "fics rated crazyhouse match"]
[Site "fics, Oklahoma City, OK USA"]
[Date "2001.02.23"]
[White "spurs"]
[WhiteElo "2276"]
[Black "fermy"]
[BlackElo "2356"]
[TimeControl "60+0"]
[Result "1-0"]

1. d4 Nf6 2. Nf3 d5 3. Nc3 Bf5 4. Bg5 e6 5. e3 Be7 6. Bb5+ 
c6 7. Bd3 O-O 8. Bxf5 exf5 9. O-O Ne4 10. Bxe7 Qxe7 11. B@h4 f6 
12. Nxe4 dxe4 13. Ne5 Nd7 14. B@b3+ B@d5 15. Bxd5+ cxd5 16. Nxd7 Qxd7 17. N@c5 
Qe7 18. B@e6+ Kh8 19. Bxd5 B@g4 20. f3 exf3 21. Bxf3 Qxe3+ 22. P@f2 Bxf3 
23. fxe3 Bxd1 24. Raxd1 P@e2 25. P@h6 exf1=Q+ 26. Rxf1 R@g6 27. hxg7+ Rxg7 28. P@g3 
P@e2 29. Q@f2 exf1=Q+ 30. Qxf1 R@d2 31. P@h6 N@e2+ 32. Qxe2 Rxe2 33. hxg7+ Kxg7 
34. N@h5+ Kf7 35. R@g7+ Ke8 36. P@d7+ Kd8 37. B@e7+ Kc7 38. N@d5+ Kc6 39. Nb4+ 
Kb5 40. a4+ Kxb4 41. Nd3+ Kxa4 42. b3+ Ka5 43. b4+ Ka6 44. Nc5+ Kb5 
45. c4+ Kxb4 46. Nd3+ Kc3 47. h3 
{fermy forfeits on time} 1-0

[Event "fics rated crazyhouse match"]
[Site "fics, Oklahoma City, OK USA"]
[Date "2001.02.23"]
[White "tantheman"]
[WhiteElo "2335"]
[Black "spurs"]
[BlackElo "2286"]
[TimeControl "60+0"]
[Result "1-0"]

1. e4 e6 2. Nc3 d5 3. Nf3 dxe4 4. Nxe4 Be7 5. d4 Nc6 6. P@e5 
P@d5 7. Neg5 h6 8. Nxf7 Kxf7 9. Bd3 Kf8 10. O-O Nf6 11. exf6 Bxf6 
12. N@g6+ Kg8 13. Nxh8 Kxh8 14. P@f7 Bd7 15. R@h7# 
{spurs checkmated} 1-0

[Event "fics rated crazyhouse match"]
[Site "fics, Oklahoma City, OK USA"]
[Date "2001.02.23"]
[White "fermy"]
[WhiteElo "2346"]
[Black "tantheman"]
[BlackElo "2342"]
[TimeControl "60+0"]
[Result "1-0"]

1. d4 d5 2. Nf3 Nf6 3. Bf4 Nc6 4. e3 e6 5. Be2 Bd6 6. O-O 
O-O 7. Nbd2 Bd7 8. Rc1 Ne4 9. c4 f5 10. Ne5 Bxe5 11. dxe5 Nb4 
12. Nxe4 fxe4 13. cxd5 exd5 14. P@d6 N@d3 15. B@e7 Nxc1 16. Bxd8 Nxe2+ 17. Qxe2 
B@g6 18. N@e7+ Kh8 19. Nxg6+ hxg6 20. B@h6 R@h7 21. Bxg7+ Rxg7 22. P@h6 Rfg8 
23. hxg7+ Rxg7 24. dxc7 P@f3 25. R@h4+ P@h5 26. Bf6 B@f8 27. P@h6 fxe2 28. hxg7+ 
Bxg7 29. Bxg7+ Kxg7 30. Q@f6+ Kg8 31. R@h8# 
{tantheman checkmated} 1-0

[Event "fics rated crazyhouse match"]
[Site "fics, Oklahoma City, OK USA"]
[Date "2001.02.23"]
[White "spurs"]
[WhiteElo "2279"]
[Black "fermy"]
[BlackElo "2354"]
[TimeControl "60+0"]
[Result "1-0"]

1. d4 Nf6 2. Nf3 d5 3. Nc3 Bf5 4. Bg5 e6 5. e3 Be7 6. Bb5+ 
c6 7. Bd3 O-O 8. Ne5 Ne4 9. Bxe4 dxe4 10. Bxe7 Qxe7 11. B@a3 Qg5 
12. Bxf8 Qxg2 13. R@g1 Qh3 14. Bxg7 B@g6 15. P@h6 P@e7 16. N@c8 B@b4 17. a3 
Na6 18. axb4 Rxc8 19. B@d7 Rd8 20. Rxa6 bxa6 21. N@c8 Qh4 22. Nxc6 Rxd7 
23. N6xe7+ Rxe7 24. Nxe7+ Qxe7 25. R@h8# 
{fermy checkmated} 1-0

[Event "fics rated crazyhouse match"]
[Site "fics, Oklahoma City, OK USA"]
[Date "2001.02.23"]
[White "fermy"]
[WhiteElo "2344"]
[Black "spurs"]
[BlackElo "2289"]
[TimeControl "60+0"]
[Result "1-0"]

1. d4 e6 2. Nf3 d5 3. Bf4 Nf6 4. e3 Be7 5. Be2 O-O 6. O-O 
Nc6 7. Nbd2 Ne4 8. Rc1 f5 9. c4 dxc4 10. Rxc4 P@d5 11. Rc1 Nxd2 
12. Qxd2 N@h5 13. N@e5 Nxf4 14. exf4 Nxe5 15. dxe5 N@e4 16. Qd1 Bc5 17. Rxc5 
Nxc5 18. B@h4 B@e7 19. P@f6 gxf6 20. exf6 Bxf6 21. Bxf6 Qxf6 22. B@g5 Qg6 
23. N@e7+ Kh8 24. Nxg6+ hxg6 25. P@g7+ Kxg7 26. Q@h6+ Kf7 27. Qh7+ R@g7 28. N@h6+ 
Ke8 29. Qxg7 P@f7 30. Qxf8+ Kxf8 31. R@g8# 
{spurs checkmated} 1-0

[Event "fics rated crazyhouse match"]
[Site "fics, Oklahoma City, OK USA"]
[Date "2001.02.23"]
[White "tantheman"]
[WhiteElo "2334"]
[Black "fermy"]
[BlackElo "2351"]
[TimeControl "60+0"]
[Result "1-0"]

1. e3 e5 2. b3 d5 3. Bb2 Bd6 4. Nf3 Nd7 5. Be2 c6 6. O-O 
Ngf6 7. c4 O-O 8. cxd5 cxd5 9. d3 Re8 10. Nbd2 e4 11. Nd4 Be5 
12. Nf5 Bxb2 13. Rb1 Be5 14. dxe4 dxe4 15. P@h6 Nc5 16. Nxg7 P@d3 17. Nxe8 
Nxe8 18. P@g7 Nxg7 19. hxg7 Bxg7 20. Bh5 P@e2 21. Bxe2 dxe2 22. Qxe2 B@d3 
23. Qh5 Bxf1 24. P@h6 N@e2+ 25. Qxe2 Bxe2 26. hxg7 R@g6 27. P@g3 Rxg7 28. N@h6+ 
Kh8 29. B@d4 P@f6 30. Bxc5 P@c2 31. Re1 Qxd2 32. R@f8+ B@g8 33. Rxg8+ Rxg8 
34. Nxf7+ Kg7 35. N@h5+ Kxf7 36. N@h6+ Kg6 37. B@f7+ Kxh6 38. P@g5+ Rxg5 39. Bf8# 
{fermy forfeits on time} 1-0

[Event "fics rated crazyhouse match"]
[Site "fics, Oklahoma City, OK USA"]
[Date "2001.02.23"]
[White "spurs"]
[WhiteElo "2282"]
[Black "tantheman"]
[BlackElo "2342"]
[TimeControl "60+0"]
[Result "1-0"]

1. d4 e6 2. Nf3 b6 3. Nc3 Bb7 4. Bg5 Nf6 5. Bxf6 gxf6 6. e4 
B@h6 7. Bd3 Rg8 8. Rg1 Nc6 9. e5 fxe5 10. dxe5 P@f6 11. exf6 Qxf6 
12. Ne4 Qxb2 13. N@f6+ Kd8 14. Nxg8 Bb4+ 15. P@c3 Bxc3+ 16. Nxc3 Qxc3+ 17. P@d2 
Qg7 18. B@f6+ Qxf6 19. Nxf6 Kc8 20. R@g8+ B@e8 21. Nxe8 d6 22. Nxd6+ Kd7 
23. Rxa8 Ke7 24. Nxb7 Kf6 25. B@b2+ P@c3 26. Bxc3+ P@d4 27. Nxd4 Ke5 28. Qe2+ 
Kf4 29. R@g4# 
{tantheman checkmated} 1-0

[Event "fics rated crazyhouse match"]
[Site "fics, Oklahoma City, OK USA"]
[Date "2001.02.23"]
[White "fermy"]
[WhiteElo "2343"]
[Black "spurs"]
[BlackElo "2291"]
[TimeControl "60+0"]
[Result "0-1"]

1. d4 e6 2. Nf3 d5 3. Bf4 Nf6 4. e3 Be7 5. Be2 Bd7 6. O-O 
Nc6 7. Nbd2 O-O 8. Rc1 Ne8 9. c4 f6 10. cxd5 exd5 11. P@h6 P@e4 
12. hxg7 Nxg7 13. Ne5 fxe5 14. dxe5 P@d3 15. Bh5 Be8 16. Bxe8 Qxe8 17. P@f6 
B@e2 18. fxg7 Qg6 19. gxf8=Q+ Bxf8 20. R@g3 P@g4 21. Qb3 Rd8 22. N@f6+ Kh8 
23. B@h5 Qg7 24. Bxg4 Bxf1 25. Rxf1 N@e2+ 26. Bxe2 Qxg3 27. fxg3 R@g7 28. P@h6 
dxe2 29. hxg7+ Kxg7 30. N@h5+ Kf7 31. Nxd5 exf1=Q+ 32. Nxf1 P@f2+ 33. Kxf2 B@e1+ 
34. Kxe1 R@c1+ 35. B@d1 R@e2+ 36. Kxe2 Rc2# 
{fermy forfeits on time} 0-1

[Event "fics rated crazyhouse match"]
[Site "fics, Oklahoma City, OK USA"]
[Date "2001.02.23"]
[White "spurs"]
[WhiteElo "2300"]
[Black "tantheman"]
[BlackElo "2333"]
[TimeControl "60+0"]
[Result "0-1"]

1. d4 e6 2. Nf3 b6 3. Nc3 Bb7 4. Bf4 Be7 5. e3 Nf6 6. Bd3 
O-O 7. O-O Nc6 8. Be5 d6 9. Bxf6 Bxf6 10. Ne4 B@e7 11. Nxf6+ Bxf6 
12. e4 e5 13. dxe5 Nxe5 14. Nxe5 dxe5 15. N@h5 N@f4 16. Nxf6+ Qxf6 17. N@h5 
Nxh5 18. Qxh5 N@f4 19. Qg4 P@h5 20. Qg3 N@e2+ 21. Bxe2 Nxe2+ 22. Kh1 Nxg3+ 
23. fxg3 Bxe4 24. Rxf6 Bxg2+ 25. Kxg2 Q@e2+ 26. Q@f2 P@h3+ 27. Kg1 B@e3 28. N@h6+ 
Kh8 29. B@e4 Bxf2+ 30. Rxf2 Qxf2+ 31. Kxf2 P@e3+ 32. Kxe3 Q@d4+ 33. Ke2 R@f2+ 
34. Ke1 Qd2# 
{spurs checkmated} 0-1

[Event "fics rated crazyhouse match"]
[Site "fics, Oklahoma City, OK USA"]
[Date "2001.02.23"]
[White "tantheman"]
[WhiteElo "2340"]
[Black "fermy"]
[BlackElo "2334"]
[TimeControl "60+0"]
[Result "0-1"]

1. e4 e5 2. Nc3 Nc6 3. Bc4 Bc5 4. d3 Nf6 5. Nge2 O-O 6. O-O 
d6 7. Ng3 Bg4 8. Nf5 Bxd1 9. Rxd1 Nd4 10. Nxd4 Bxd4 11. B@g3 Ng4 
12. N@h3 Bxc3 13. bxc3 N@e2+ 14. Kf1 Nxg3+ 15. hxg3 Nh2+ 16. Kg1 B@g4 17. Be3 
Bxd1 18. Rxd1 N@f3+ 19. Kh1 R@e1+ 20. Rxe1 Nxe1 21. B@g1 Nhf3 22. B@h6 Q@f1 
23. N@g4 Qxg2# 
{tantheman checkmated} 0-1

[Event "fics rated crazyhouse match"]
[Site "fics, Oklahoma City, OK USA"]
[Date "2001.02.23"]
[White "fermy"]
[WhiteElo "2342"]
[Black "spurs"]
[BlackElo "2293"]
[TimeControl "60+0"]
[Result "1-0"]

1. d4 e6 2. Nf3 d5 3. Bf4 Be7 4. e3 Nc6 5. Be2 Nf6 6. O-O 
O-O 7. Nbd2 Ne8 8. Rc1 f6 9. c4 e5 10. cxd5 exf4 11. dxc6 fxe3 
12. fxe3 bxc6 13. Rxc6 P@h3 14. gxh3 Bxh3 15. N@f4 B@d7 16. Nxh3 Bxh3 17. Rf2 
P@g2 18. B@e6+ Bxe6 19. Rxe6 B@h3 20. Re4 N@g4 21. Rxg4 Bxg4 22. Kxg2 P@h3+ 
23. Kg1 Bb4 24. B@e4 Bxd2 25. Nxd2 Bxe2 26. Qxe2 B@g2 27. Bxg2 hxg2 28. Rxg2 
R@c1+ 29. B@f1 B@g6 30. P@h5 N@h3+ 31. Kh1 Bxh5 32. Qxh5 Rxf1+ 33. Nxf1 B@g6 
34. Qxh3 Be4 35. B@e6+ Rf7 36. P@f3 Kf8 37. Bxf7 Ke7 38. Qe6+ Kf8 39. R@g8# 
{spurs checkmated} 1-0

[Event "fics rated crazyhouse match"]
[Site "fics, Oklahoma City, OK USA"]
[Date "2001.02.23"]
[White "tantheman"]
[WhiteElo "2332"]
[Black "fermy"]
[BlackElo "2349"]
[TimeControl "60+0"]
[Result "1-0"]

1. e4 e5 2. Nc3 Nc6 3. Bc4 Bc5 4. Nge2 Nf6 5. Ng3 O-O 6. O-O 
Nd4 7. d3 d6 8. Be3 Bg4 9. Qd2 d5 10. exd5 Nxd5 11. Bxd5 P@f3 
12. gxf3 Bxf3 13. Bxd4 Bxd5 14. Nxd5 Qxd5 15. B@e4 Qxe4 16. Nxe4 N@f3+ 17. Kh1 
B@f4 18. Qxf4 exf4 19. N@h6+ gxh6 20. Q@h8# 
{fermy checkmated} 1-0

[Event "fics rated crazyhouse match"]
[Site "fics, Oklahoma City, OK USA"]
[Date "2001.02.23"]
[White "spurs"]
[WhiteElo "2286"]
[Black "tantheman"]
[BlackElo "2340"]
[TimeControl "60+0"]
[Result "1-0"]

1. d4 c6 2. Nf3 Nf6 3. Nc3 e6 4. Bg5 d5 5. e3 Be7 6. Bxf6 
Bxf6 7. Bd3 O-O 8. Ne5 Na6 9. h4 Bxh4 10. Qg4 B@f6 11. Bxa6 Bxe5 
12. dxe5 bxa6 13. Rxh4 B@g6 14. B@g5 f6 15. exf6 Rxf6 16. Bxf6 Qxf6 17. B@g5 
P@d2+ 18. Kf1 B@c4+ 19. P@d3 Bgxd3+ 20. cxd3 Bxd3+ 21. Kg1 P@c2 22. Bxf6 c1=Q+ 
23. B@d1 Qxd1+ 24. Rxd1 B@g6 25. N@e7+ Kf7 26. Q@g8+ Kxf6 27. Qf8+ P@f7 28. N@g8+ 
Ke5 29. Qf4# 
{tantheman checkmated} 1-0

[Event "fics rated crazyhouse match"]
[Site "fics, Oklahoma City, OK USA"]
[Date "2001.02.23"]
[White "fermy"]
[WhiteElo "2341"]
[Black "spurs"]
[BlackElo "2295"]
[TimeControl "60+0"]
[Result "1-0"]

1. d4 e6 2. Nf3 d6 3. Bf4 Nf6 4. e3 Be7 5. Be2 Nc6 6. O-O 
O-O 7. c4 d5 8. Nc3 dxc4 9. Bxc4 P@d5 10. Be2 Ne4 11. Ne5 Nxe5 
12. dxe5 Nxc3 13. bxc3 N@e4 14. Rc1 Ba3 15. Rc2 f6 16. exf6 Qxf6 17. N@g4 
Qg6 18. N@e5 Qe8 19. f3 Rxf4 20. fxe4 Rxf1+ 21. Qxf1 P@f7 22. N@f6+ gxf6 
23. Nxf6+ Kf8 24. R@g8+ Ke7 25. Rxe8+ Kd6 26. Q@e7+ Kxe5 27. Qf4# 
{spurs checkmated} 1-0

[Event "fics rated crazyhouse match"]
[Site "fics, Oklahoma City, OK USA"]
[Date "2001.02.23"]
[White "tantheman"]
[WhiteElo "2331"]
[Black "fermy"]
[BlackElo "2348"]
[TimeControl "60+0"]
[Result "0-1"]

1. e4 e5 2. Nf3 Nc6 3. Bc4 Bc5 4. Nc3 Nf6 5. d3 d6 6. Bg5 
Bxf2+ 7. Kf1 Bc5 8. Nd5 Nxd5 9. Bxd5 Qxg5 10. Nxg5 N@e3+ 11. Ke2 B@h5+ 
12. Kd2 Nxd1 13. N@c4 Q@f4+ 14. Ke1 Qxg5 15. Rxd1 Bxd1 16. Kxd1 R@c1+ 17. Ke2 
Nd4+ 18. Kf2 Nxc2+ 19. d4 Bxd4+ 20. Ne3 Bxe3+ 21. Ke2 N@f4+ 22. Kf3 Qxg2# 
{tantheman checkmated} 0-1

[Event "fics rated crazyhouse match"]
[Site "fics, Oklahoma City, OK USA"]
[Date "2001.02.23"]
[White "fermy"]
[WhiteElo "2356"]
[Black "spurs"]
[BlackElo "2288"]
[TimeControl "60+0"]
[Result "1-0"]

1. d4 d5 2. Nf3 Nf6 3. Bf4 Bg4 4. e3 e6 5. Be2 Bd6 6. O-O 
Nbd7 7. Ne5 Bxe5 8. dxe5 Ne4 9. Bxg4 N@f5 10. Bxf5 exf5 11. Nd2 B@g4 
12. f3 Nxd2 13. Qxd2 Bh5 14. Qxd5 Kf8 15. P@d6 Nb6 16. B@e7+ Kg8 17. Bxd8 
Nxd5 18. N@e7+ Nxe7 19. dxe7 N@e2+ 20. Kf2 h6 21. e8=Q+ Kh7 22. Qxh8+ Kxh8 
23. R@f8+ N@g8 24. Rxg8+ Kxg8 25. N@e7+ Kh7 26. Q@g8# 
{spurs checkmated} 1-0

[Event "fics rated crazyhouse match"]
[Site "fics, Oklahoma City, OK USA"]
[Date "2001.02.23"]
[White "spurs"]
[WhiteElo "2282"]
[Black "fermy"]
[BlackElo "2362"]
[TimeControl "60+0"]
[Result "0-1"]

1. d4 Nf6 2. Nf3 d5 3. Nc3 Bf5 4. Bf4 e6 5. e3 Be7 6. Bb5+ 
Nbd7 7. Bxd7+ Nxd7 8. Ne5 O-O 9. Nxd7 Qxd7 10. N@e5 Qd8 11. h3 Rc8 
12. O-O c5 13. dxc5 Rxc5 14. P@d4 Rc8 15. f3 f6 16. Nd3 P@e4 17. fxe4 
dxe4 18. Nf2 B@c6 19. P@g4 Bg6 20. N@h4 f5 21. Nxg6 hxg6 22. gxf5 exf5 
23. B@e6+ P@f7 24. Bb3 P@f3 25. d5 Bxd5 26. Nxd5 N@e2+ 27. Qxe2 fxe2 28. Rfe1 
N@f3+ 29. gxf3 exf3 30. B@h1 P@g2 31. Bxg2 fxg2 32. N@g3 B@f3 33. Rxe2 Bxd5 
34. Bxd5 Qxd5 35. P@e4 N@f3+ 36. Kxg2 Nh4+ 37. Kf1 Q@g2+ 38. Ke1 Qg1+ 39. B@f1 
Nf3# 
{spurs checkmated} 0-1

[Event "fics rated crazyhouse match"]
[Site "fics, Oklahoma City, OK USA"]
[Date "2001.02.23"]
[White "fermy"]
[WhiteElo "2368"]
[Black "spurs"]
[BlackElo "2276"]
[TimeControl "60+0"]
[Result "1-0"]

1. d4 d5 2. Nf3 Nf6 3. Bf4 Bg4 4. e3 Bxf3 5. gxf3 e6 6. Rg1 
Bb4+ 7. c3 Bf8 8. Nd2 N@f5 9. Bd3 Nbd7 10. Rc1 Nb6 11. B@g5 Be7 
12. Be5 Rg8 13. Bgxf6 Bxf6 14. Bxf6 Qxf6 15. B@e5 Qh6 16. N@g4 Qh3 17. Nf6+ 
Kf8 18. Nxg8 Qxh2 19. R@g2 Qxg1+ 20. Rxg1 P@h2 21. Rf1 Kxg8 22. Bxf5 N@g2+ 
23. Ke2 exf5 24. N@h6+ Kf8 25. Q@g8+ Ke7 26. Qxf7+ Kd8 27. P@e7+ Kc8 28. e8=Q+ 
B@d8 29. Qxc7# 
{spurs checkmated} 1-0

[Event "fics rated crazyhouse match"]
[Site "fics, Oklahoma City, OK USA"]
[Date "2001.02.23"]
[White "spurs"]
[WhiteElo "2270"]
[Black "fermy"]
[BlackElo "2374"]
[TimeControl "60+0"]
[Result "0-1"]

1. d4 Nf6 2. Nf3 d5 3. Nc3 Bf5 4. Bg5 e6 5. e3 Be7 6. Bb5+ 
c6 7. Bd3 O-O 8. O-O Ne4 9. Bxe7 Qxe7 10. Bxe4 dxe4 11. Ne5 f6 
12. Nc4 B@c7 13. B@c5 B@d6 14. Nxd6 Bxd6 15. Bxd6 Qxd6 16. B@c5 B@g4 17. Bxd6 
Bxd1 18. N@e7+ Kf7 19. Nxf5 exf5 20. B@e6+ Kg6 21. B@f7+ Rxf7 22. Bxf7+ Kxf7 
23. R@e7+ Kg6 24. Q@f7+ Kg5 25. Qxg7+ B@g6 26. Bf4+ Kh5 27. Raxd1 N@h3+ 28. gxh3 
N@f3+ 29. Kh1 B@g2+ 30. Kxg2 Nh4# 
{spurs resigns} 0-1

[Event "fics rated crazyhouse match"]
[Site "fics, Oklahoma City, OK USA"]
[Date "2001.02.23"]
[White "fermy"]
[WhiteElo "2380"]
[Black "spurs"]
[BlackElo "2264"]
[TimeControl "60+0"]
[Result "0-1"]

1. d4 d5 2. Nf3 Nf6 3. Bf4 Bf5 4. e3 Nc6 5. Be2 e6 6. O-O 
Be7 7. Nbd2 h6 8. Rc1 Nh5 9. c4 Nxf4 10. exf4 B@e4 11. Nxe4 Bxe4 
12. N@h5 N@f5 13. B@e5 Nxe5 14. dxe5 B@g6 15. Ng3 Nxg3 16. hxg3 Bxf3 17. Bxf3 
N@d3 18. cxd5 exd5 19. Rxc7 Qxc7 20. P@d6 P@h2+ 21. Kxh2 Qc8 22. dxe7 N@c4 
23. N@d6+ Nxd6 24. exd6 h5 25. N@c7+ Qxc7 26. dxc7 N@c6 27. Q@d6 R@d7 28. c8=Q+ 
Rxc8 29. Qxc6 bxc6 30. N@d6+ Rxd6 31. B@e5 Nxe5 32. fxe5 h4 33. Bg4 hxg3+ 
34. Kxg3 Q@h2+ 35. Kf3 B@e4+ 36. Ke3 N@c4# 
{fermy forfeits on time} 0-1

[Event "fics rated crazyhouse match"]
[Site "fics, Oklahoma City, OK USA"]
[Date "2001.02.23"]
[White "spurs"]
[WhiteElo "2275"]
[Black "fermy"]
[BlackElo "2369"]
[TimeControl "60+0"]
[Result "0-1"]

1. d4 Nf6 2. Nf3 d5 3. Bf4 Bf5 4. Nc3 e6 5. e3 Be7 6. Be2 
O-O 7. O-O Nbd7 8. Be5 Nxe5 9. Nxe5 Ne4 10. Nxe4 dxe4 11. Bg4 B@d5 
12. Bxf5 exf5 13. N@f4 c6 14. N@h5 B@h6 15. Nxd5 cxd5 16. B@f4 Bxf4 17. exf4 
B@g4 18. Nxg4 N@f3+ 19. gxf3 fxg4 20. Nxg7 N@h3+ 21. Kh1 exf3 22. P@g2 fxg2+ 
23. Kxg2 P@f3+ 24. Kg3 f5 25. B@e6+ Kxg7 26. N@h5+ Kh6 27. B@g7+ Kxh5 28. P@g5 
P@h4# 
{spurs checkmated} 0-1

[Event "fics rated crazyhouse match"]
[Site "fics, Oklahoma City, OK USA"]
[Date "2001.02.23"]
[White "fermy"]
[WhiteElo "2375"]
[Black "spurs"]
[BlackElo "2269"]
[TimeControl "60+0"]
[Result "1-0"]

1. d4 d5 2. Nf3 Nf6 3. Bf4 Bf5 4. e3 Nc6 5. Bb5 e6 6. Ne5 
Bb4+ 7. Nd2 Bxd2+ 8. Qxd2 O-O 9. Bxc6 Ne4 10. Qe2 bxc6 11. Nxc6 B@d2+ 
12. Kf1 Qh4 13. B@g3 Qg4 14. f3 Nxg3+ 15. hxg3 Bxc2 16. fxg4 B@d3 17. N@h6+ 
gxh6 18. N@f6+ Kg7 19. Bxh6+ Kxf6 20. Q@g5# 
{spurs checkmated} 1-0

[Event "fics rated crazyhouse match"]
[Site "fics, Oklahoma City, OK USA"]
[Date "2001.02.23"]
[White "spurs"]
[WhiteElo "2263"]
[Black "fermy"]
[BlackElo "2381"]
[TimeControl "60+0"]
[Result "1-0"]

1. d4 Nf6 2. Nf3 d5 3. Nc3 Bf5 4. Bg5 e6 5. e3 Be7 6. Bb5+ 
c6 7. Bd3 O-O 8. Bxf5 exf5 9. O-O Ne4 10. Bxe7 Qxe7 11. B@h4 f6 
12. Nxe4 dxe4 13. Ne5 Nd7 14. Nxd7 Qxd7 15. N@c5 Qe7 16. B@e6+ Kh8 17. Bxf5 
N@c4 18. Qh5 B@h6 19. P@g6 hxg6 20. Bxg6 B@d5 21. N@f5 
{fermy resigns} 1-0

[Event "fics rated crazyhouse match"]
[Site "fics, Oklahoma City, OK USA"]
[Date "2001.02.23"]
[White "fermy"]
[WhiteElo "2370"]
[Black "spurs"]
[BlackElo "2274"]
[TimeControl "60+0"]
[Result "0-1"]

1. d4 d5 2. Nf3 Nf6 3. Bf4 Bf5 4. e3 e6 5. Nbd2 Nc6 6. Bb5 
Be7 7. Ne5 O-O 8. Bxc6 bxc6 9. Nxc6 Qe8 10. Nxe7+ Qxe7 11. P@e5 Ne4 
12. Nxe4 Bxe4 13. B@f6 Qb4+ 14. c3 N@d3+ 15. Kf1 Bxg2+ 16. Kxg2 P@h3+ 17. Kxh3 
Nxf2+ 18. Kg2 Nxd1 19. Raxd1 P@f3+ 20. Kxf3 B@e4+ 21. Ke2 Qxb2+ 22. N@d2 Q@f3+ 
23. Ke1 N@d3# 
{fermy checkmated} 0-1

[Event "fics rated crazyhouse match"]
[Site "fics, Oklahoma City, OK USA"]
[Date "2001.02.23"]
[White "spurs"]
[WhiteElo "2284"]
[Black "fermy"]
[BlackElo "2360"]
[TimeControl "60+0"]
[Result "0-1"]

1. d4 Nf6 2. Nf3 d5 3. Nc3 Bf5 4. Bf4 e6 5. e3 Bb4 6. Bd3 
O-O 7. O-O Bxc3 8. bxc3 Ne4 9. Bxe4 dxe4 10. Ne5 Nc6 11. Nxc6 bxc6 
12. N@e5 B@d5 13. N@b4 N@h4 14. Nexc6 Bxc6 15. Nxc6 N@f3+ 16. gxf3 exf3 17. P@h3 
N@g5 18. Bxg5 Qxg5+ 19. B@g3 P@e2 20. Qd2 exf1=Q+ 21. Rxf1 B@g2 22. N@e7+ Kh8 
{spurs forfeits on time} 0-1

[Event "fics rated crazyhouse match"]
[Site "fics, Oklahoma City, OK USA"]
[Date "2001.02.23"]
[White "fermy"]
[WhiteElo "2366"]
[Black "spurs"]
[BlackElo "2278"]
[TimeControl "60+0"]
[Result "1-0"]

1. d4 e6 2. Nf3 d5 3. Bf4 Nf6 4. e3 Bb4+ 5. c3 Be7 6. Be2 
Ne4 7. O-O Nc6 8. Nbd2 O-O 9. Rc1 f5 10. c4 Nb4 11. Ne5 dxc4 
12. Ndxc4 Bg5 13. P@f7+ Kh8 14. f3 Bxf4 15. exf4 P@f2+ 16. Kh1 Qh4 17. fxe4 
B@f6 18. N@g6+ hxg6 19. Nxg6+ Kh7 20. Nxf8+ Kh6 21. R@h7# 
{spurs checkmated} 1-0

[Event "fics rated crazyhouse match"]
[Site "fics, Oklahoma City, OK USA"]
[Date "2001.02.23"]
[White "spurs"]
[WhiteElo "2272"]
[Black "fermy"]
[BlackElo "2372"]
[TimeControl "60+0"]
[Result "1-0"]

1. d4 Nf6 2. Nf3 d5 3. Nc3 Bf5 4. Bg5 e6 5. e3 Be7 6. Bb5+ 
c6 7. Bd3 O-O 8. Bxf5 exf5 9. O-O Nbd7 10. B@e5 Nxe5 11. dxe5 Ne4 
12. Bxe7 Qxe7 13. Nxe4 dxe4 14. B@h4 f6 15. exf6 gxf6 16. N@h6+ Kh8 17. Nxf5 
exf3 18. Nxe7 B@h6 19. Qxf3 N@e5 20. Bxf6+ B@g7 21. Bxe5 Rxf3 22. N@g6+ hxg6 
23. Bxg7+ Kh7 24. B@g4 N@h4 25. N@e1 N@e2+ 26. Kh1 Rxf2 27. Nf3 Rxf1+ 28. Rxf1 
Q@f7 29. R@h8+ Rxh8 30. Bxh6 
{fermy forfeits on time} 1-0

[Event "fics rated crazyhouse match"]
[Site "fics, Oklahoma City, OK USA"]
[Date "2001.02.23"]
[White "fermy"]
[WhiteElo "2362"]
[Black "spurs"]
[BlackElo "2282"]
[TimeControl "60+0"]
[Result "1-0"]

1. d4 d5 2. Nf3 Nc6 3. Bf4 Bg4 4. e3 Bxf3 5. gxf3 Nf6 6. Rg1 
e6 7. Bb5 Bb4+ 8. c3 Bf8 9. Nd2 N@f5 10. B@a4 Qd7 11. Bxc6 bxc6 
12. N@e5 B@a6 13. Nxd7 Nxd7 14. c4 N@d3+ 15. Kf1 dxc4 16. Bxc6 Rd8 17. Bxc7 
c3 18. P@e2 Nxb2 19. Bxd8 Nxd1 20. Bxd7+ Kxd7 21. R@c7# 
{spurs forfeits on time} 1-0

[Event "fics rated crazyhouse match"]
[Site "fics, Oklahoma City, OK USA"]
[Date "2001.02.23"]
[White "spurs"]
[WhiteElo "2276"]
[Black "fermy"]
[BlackElo "2368"]
[TimeControl "60+0"]
[Result "0-1"]

1. d4 Nf6 2. Nf3 d5 3. Nc3 Bf5 4. Bf4 e6 5. e3 Bb4 6. Bb5+ 
Nbd7 7. Bxd7+ Nxd7 8. O-O Bxc3 9. bxc3 N@e4 10. B@h4 f6 11. N@h5 O-O 
12. Ne5 Nxe5 13. dxe5 B@g4 14. exf6 Bxh5 15. Qxh5 Nxf6 16. Bxf6 Qxf6 17. B@g5 
Qf7 18. N@e7+ Kh8 19. P@h6 gxh6 20. Bxh6 P@g7 21. Qxf7 Rxf7 22. Bxg7+ Rxg7 
23. P@g5 N@h3+ 24. gxh3 N@f3+ 25. Kh1 P@g2+ 26. Kxg2 Nh4+ 27. Kg3 Q@g2+ 28. Kxh4 
Qxh3# 
{spurs checkmated} 0-1

[Event "fics rated crazyhouse match"]
[Site "fics, Oklahoma City, OK USA"]
[Date "2001.02.23"]
[White "fermy"]
[WhiteElo "2374"]
[Black "spurs"]
[BlackElo "2270"]
[TimeControl "60+0"]
[Result "0-1"]

1. d4 d5 2. Nf3 Bg4 3. Bf4 Bxf3 4. gxf3 Nf6 5. e3 Nc6 6. Rg1 
e6 7. Bb5 a6 8. Bxc6+ bxc6 9. N@e5 B@b5 10. Nc3 N@h3 11. Nxb5 Nxg1 
12. Nxc6 axb5 13. Nxd8 R@h1 14. B@g2 Nxf3+ 15. Ke2 Rxd1 16. Rxd1 N@g1+ 17. Rxg1 
Nxg1+ 18. Kd1 Q@e2# 
{fermy resigns} 0-1

[Event "fics rated crazyhouse match"]
[Site "fics, Oklahoma City, OK USA"]
[Date "2001.02.23"]
[White "spurs"]
[WhiteElo "2280"]
[Black "fermy"]
[BlackElo "2364"]
[TimeControl "60+0"]
[Result "1-0"]

1. d4 Nf6 2. Nf3 d5 3. Nc3 Bf5 4. Bf4 e6 5. e3 Bb4 6. Bb5+ 
Nbd7 7. Bxd7+ Nxd7 8. N@e5 Nxe5 9. Nxe5 N@e4 10. Nxf7 Kxf7 11. N@e5+ Ke7 
12. O-O Bxc3 13. bxc3 Nxc3 14. B@b4+ P@d6 15. Bxc3 dxe5 16. dxe5 B@e4 17. P@d6+ 
Kf7 18. P@e7 N@h3+ 19. gxh3 N@f3+ 20. Qxf3 Bxf3 21. N@g5+ Kg6 22. N@f8+ Rxf8 
23. exf8=N+ Qxf8 24. N@h4+ Kh5 25. Nhxf3 N@e2+ 26. Kh1 P@g2+ 27. Kxg2 Nxf4+ 28. exf4 
Bxh3+ 29. Nxh3 P@g4 30. N@g3+ Kg6 31. B@h5+ Kh6 32. B@g5# 
{fermy checkmated} 1-0